 Dungeon Crawl Stone Soup version 0.19.5 (webtiles) character file.

177 theElss the Conjurer (level 5, 0/28 HPs)
             Began as a Deep Elf Conjurer on May 10, 2017.
             Slain by a sky beast (5 damage)
             ... on level 4 of the Dungeon.
             The game lasted 00:11:50 (3031 turns).

theElss the Conjurer (Deep Elf Conjurer)            Turns: 3031, Time: 00:11:50

Health: 0/28       AC:  3    Str:  5    XL:     5   Next: 31%
Magic:  1/14       EV: 13    Int: 21    God:
Gold:   199        SH:  0    Dex: 15    Spells: 4 memorised, 1 level left

rFire  + . .     SeeInvis .     f - +0 hand axe
rCold  . . .     Gourm    .     a - +0 robe
rNeg   . . .     Faith    .     (no shield)
rPois  .         Spirit   .     (no helmet)
rElec  .         Reflect  .     i - +0 cloak
rCorr  .         Harm     .     (no gloves)
MR     .....                    (no boots)
Stlth  ++........               q - amulet of magic regeneration
                                (no ring)
                                k - ring of protection from fire

@: no status effects
A: no striking features
a: no special abilities


You were on level 4 of the Dungeon.
You were not hungry.

You visited 1 branch of the dungeon, and saw 4 of its levels.

You collected 199 gold pieces.

Inventory:

Hand Weapons
 f - a +0 hand axe (weapon)
Armour
 a - a +0 robe (worn)
 i - a +0 cloak (worn)
Jewellery
 h - an uncursed amulet of regeneration
 k - a ring of protection from fire (left hand)
 q - an amulet of magic regeneration (around neck)
Scrolls
 d - 6 scrolls of immolation {unknown}
 j - 3 scrolls of fear {unknown}
 l - a scroll of remove curse {unknown}
 m - a scroll of noise {unknown}
 r - a scroll of identify {unknown}
 t - a scroll of random uselessness {unknown}
 u - 2 scrolls of teleportation {unknown}
 v - 2 scrolls of blinking {unknown}
 w - a scroll of magic mapping {unknown}
 x - 2 scrolls of amnesia {unknown}
Potions
 e - 2 potions of haste {unknown}
 n - 5 potions of curing {unknown}
 p - a potion of might {unknown}
Books
 b - a book of Conjurations

   Spells                             Type                      Level
   a - Magic Dart                     Conjuration                  1
   b - Searing Ray                    Conjuration                  2
   c - Dazzling Spray                 Conjuration/Hexes            3
   d - Fulminant Prism                Conjuration/Hexes            4
   e - Iskenderun's Mystic Blast      Conjuration                  4
   f - Iskenderun's Battlesphere      Conjuration/Charms           5
Comestibles
 c - 3 bread rations
 g - 2 beef jerkies
 s - 2 meat rations


   Skills:
 + Level 2.9 Dodging
 - Level 2.4 Stealth
 + Level 4.6 Spellcasting
 + Level 6.4 Conjurations


You had one spell level left.
You knew the following spells:

 Your Spells              Type           Power        Failure   Level  Hunger
a - Magic Dart            Conj           ####         1%          1    None
b - Iskenderun's Battles  Conj/Chrm      ###.....     87%         5    ######.
c - Searing Ray           Conj           ####..       1%          2    #......
d - Iskenderun's Mystic   Conj           ####....     10%         4    ####...


Dungeon Overview and Level Annotations

Branches:
Dungeon (4/15)
 Temple: D:4-7

Altars:
Ru

Shops:
D:4 *


Message History

You finish eating.
That royal jelly was delicious!
Casting: Iskenderun's Mystic Blast
Confirm with . or Enter, or press ? or * to list all spells.
You don't have enough magic to cast that spell.
Casting: Iskenderun's Mystic Blast
Confirm with . or Enter, or press ? or * to list all spells.
You can't see any susceptible monsters within range! (Use Z to cast anyway.) Unknown command.
Casting: Iskenderun's Mystic Blast
Confirm with . or Enter, or press ? or * to list all spells.
Aiming: Searing Ray
Press: ? - help, Shift-Dir - straight line The searing ray hits something. (Press . to maintain the ray.)
Something hits you. Something shocks you.
* * * LOW HITPOINT WARNING * * *
Something hits you.
* * * LOW HITPOINT WARNING * * *
Something shocks you.
You die...

..............####.....
#.................# #.....
#.................# #..≈≈.
#................. ###..≈#'
#...............# .....≈#∩
#...........<...# .....≈#'
#..............#######..≈≈.
#.........{.......# #.....
#.........@....##.####.....
#.................##.......
##..#.#######.....##.......
#................##.......
######.........##.#+#.#####)...
#..............##+#+#.# #....
#.###.................# #....
#.# #.....####........# #....
#.# ###...####........# #....


There were no monsters in sight!

Vanquished Creatures
  A scorpion (D:4)
  Natasha (D:2)
  2 adders
  An ooze (D:2)
  2 adder skeletons (D:4)
  2 worms (D:3)
  3 dart slugs
  4 leopard geckos
  An orc (D:3)
  6 bats
  3 giant cockroaches
  9 hobgoblins
  3 jackals (D:3)
  9 kobolds
  2 quokkas
  2 frilled lizards
  2 goblins (D:2)
  6 rats
59 creatures vanquished.

Notes
Turn   | Place    | Note
-------+----------+-------------------------------------------
     0 | D:1      | theElss the Deep Elf Conjurer began the quest for the Orb.
     0 | D:1      | Reached XP level 1. HP: 10/10 MP: 6/6
   218 | D:1      | Reached XP level 2. HP: 15/15 MP: 2/8
   222 | D:1      | Learned a level 2 spell: Searing Ray
   565 | D:1      | Reached skill level 5 in Conjurations
   905 | D:2      | Reached XP level 3. HP: 19/19 MP: 6/9
  1023 | D:2      | Found a sacrificial altar of Ru.
  1392 | D:2      | Noticed Natasha
  1401 | D:2      | Killed Natasha
  1401 | D:2      | Reached XP level 4. HP: 22/24 MP: 6/11
  1422 | D:2      | Learned a level 4 spell: Iskenderun's Mystic Blast
  2656 | D:4      | Reached skill level 6 in Conjurations
  2656 | D:4      | Reached XP level 5. HP: 28/28 MP: 6/13
  2687 | D:4      | Learned a level 5 spell: Iskenderun's Battlesphere
  2751 | D:4      | Noticed a sky beast
  2764 | D:4      | Found Paschuass's Assorted Antiques.
  3031 | D:4      | Slain by a sky beast

Skill      XL: |  1  2  3  4 |
---------------+-------------+-----
Conjurations   | 5 6 |  6.4
Spellcasting   | 4 |  4.6
Dodging        | |  2.9
Stealth        | |  2.4

Action                   |  1- 3 |  4- 6 || total
-------------------------+-------+-------++-------
 Cast: Magic Dart        |    68 |    44 ||   112
       Searing Ray       |     1 |     7 ||     8
       Iskenderun's Myst |       |     6 ||     6
  Eat: Chunk             |     1 |     4 ||     5
       Royal jelly       |       |     1 ||     1
Armor: Robe              |     2 |     2 ||     4
Dodge: Dodged            |     6 |     7 ||    13
